 Dungeon Crawl Stone Soup version 0.30-a0-373-gd37427bb62 (webtiles) character file.

Game seed: 13539150556753832142

14 Raultor the Insei (level 2, 0/18 HPs)
             Began as an Octopode Transmuter on Nov 23, 2022.
             Slain by a bat (1 damage)
             ... on level 1 of the Dungeon.
             The game lasted 00:00:38 (145 turns).

Raultor the Insei (Octopode Transmuter)              Turns: 145, Time: 00:00:39

Health: 0/18       AC:  1    Str:  9    XL:     2   Next: 41%
Magic:  4/5        EV: 13    Int: 15    God:
Gold:   14         SH:  0    Dex: 12    Spells: 2/5 levels left

rFire   . . .      SeeInvis .      - Unarmed
rCold   . . .      Faith    .    (no shield)
rNeg    . . .      Spirit   .    (helmet currently unavailable)
rPois   .          Reflect  .    (no amulet)
rElec   .          Harm     .    (no ring)
rCorr   .          Rampage  .    (no ring)
Will    .....                    (no ring)
Stlth   ++........               (no ring)
HPRegen 0.23/turn                (no ring)
MPRegen 0.09/turn                (no ring)
                                 (no ring)
                                 (no ring)

@: appendages (expiring)
A: tentacle spike 3, almost no armour, amphibious, 8 rings, camouflage 1,
gelatinous body 1, (nimble swimmer 1), tentacles
a: End Transformation


You were on level 1 of the Dungeon.
One of your tentacles had grown a beastly spike.
You visited 1 branch of the dungeon, and saw 1 of its levels.

You collected 14 gold pieces.


Innate Abilities, Weirdness & Mutations

One of your tentacles has grown a beastly spike.
You cannot wear most types of armour.
You are amphibious.
You can wear up to eight rings at the same time.
Your skin changes colour to match your surroundings (Stealth+).
Your rubbery body absorbs attacks. (AC +1, EV +1)
((You are camouflaged when in or above water. (Stealth+)))
You have tentacles for arms and can constrict up to eight enemies at once.


   Skills:
 - Level 1.0 Fighting
 - Level 2.0 Dodging
 - Level 3.0 Unarmed Combat
 - Level 2.0 Spellcasting
 + Level 3.0 Transmutations


You had 2 spell levels left.
You knew the following spells:

 Your Spells              Type           Power      Damage    Failure   Level
b - Beastly Appendage     Tmut           20%        N/A       6%          1
w - Wereblood             Tmut           10%        N/A       10%         2

Your spell library contained the following spells:

 Spells                   Type           Power      Damage    Failure   Level
 Spider Form              Tmut/Pois      6%         N/A       34%         3
 Ice Form                 Ice/Tmut       6%         N/A       75%         4

Inventory:

Scrolls
 b - a scroll of amnesia {unknown}
Potions
 a - a potion of lignification
 c - a potion of heal wounds {unknown}

Dungeon Overview and Level Annotations

Branches:
Dungeon (1/15)

Altars:

###.# P #.# ..^. P~#####.#
#..# #~~P...# ###..####
#P~P##.# ###.......# #~PP##.#
.......!.# #.##P~~#
#.......#.. ##.##~PP#
#######..........
.....PP~######..@bS...)....#
#########......#####.......#
....#......................#
.####.#######.#####...###.....
.# #.# #(# ####. ##... ># #.#
#.# #. #. .# ##.#### #.. .# .#
#.....# #.# # .###.#.#.# #.#


You could see a bat and a ball python.


Message History

Confirm with . or Enter, or press ? or * to list all spells.
One of your tentacles grows a vicious spike.
The kobold misses you.
You tentacle-slap the kobold but do no damage.
Your grab misses the kobold.
Your tentacle spike misses the kobold.
The kobold misses you.
You miss the kobold. You grab the kobold. You constrict the kobold.
The kobold hits you with a +0 whip.
* * * LOW HITPOINT WARNING * * *
You tentacle-slap the kobold but do no damage.
You pierce the kobold, but do no damage.
The kobold is severely wounded.
You constrict the kobold, but do no damage.
You tentacle-slap the kobold but do no damage.
You squeeze the kobold.
You kill the kobold!
The bat misses you.
You closely miss the bat. Your grab misses the bat. The bat closely misses you.
The bat misses you. The bat closely misses you.
You miss the bat. Your grab misses the bat. Your squeeze misses the bat.
The bat closely misses you. The bat attacks as you move away! The bat hits you.
* * * LOW HITPOINT WARNING * * *
Your transformation is almost over.
The bat hits you.
* * * LOW HITPOINT WARNING * * *
The bat closely misses you.
You barely miss the bat. Your grab misses the bat. Your squeeze misses the bat.
The bat hits you.
You die...

Skill      XL: |  1  2 |
---------------+-------+-----
Transmutations | 3 |  3.0
Fighting       | |  1.0
Dodging        | |  2.0
Unarmed Combat | |  3.0
Spellcasting   | |  2.0

Action                   || total
-------------------------++-------
Melee: Unarmed           ||    28
       Constrict         ||    10
       Tentacles         ||     6
       Punch             ||     1
       Kick              ||     1
 Cast: Beastly Appendage ||     2
 Stab: Sleeping          ||     2
Armor: Skin              ||     5
Dodge: Dodged            ||    49

Levels and vault maps discovered:
D:1:      psy_arrival_conway, layout_loops_ring, serial_glass, glass_columns_a,
          glass_columns_a, due_unseen_surprise, feat_on_display,
          minmay_quantized

Notes
Turn   | Place    | Note
-------+----------+-------------------------------------------
     0 | D:1      | Raultor the Octopode Transmuter began the quest for the
                  | Orb.
     0 | D:1      | Reached XP level 1. HP: 13/13 MP: 3/3
    69 | D:1      | Reached XP level 2. HP: 16/18 MP: 3/5
    72 | D:1      | Learned a level 2 spell: Wereblood
   128 | D:1      | Reached skill level 3 in Transmutations
   139 | D:1      | HP: 1/18 [kobold/+0 whip (6)]
   144 | D:1      | HP: 1/18 [bat (1)]
   145 | D:1      | Slain by a bat

Vanquished Creatures
  2 dart slugs (D:1)
  A ball python (D:1)
  An endoplasm (D:1)
  3 kobolds (D:1)
  A quokka (D:1)
  2 bats (D:1)
10 creatures vanquished.

Table legend: (Time is in decaauts)
 A = Elapsed time spent in this place.
 B = Non-inter-level travel time spent in this place.
 C = Inter-level travel time spent in this place.
 D = Time resting spent in this place.
 E = Time spent auto-exploring this place.
 F = Levels seen in this place.
 G = Mean time per level.
                   A        B        C        D        E       F      G
               +--------+--------+--------+--------+--------+-----+--------+
         Total |    143 |    143 |      0 |      0 |     76 |   1 |  143.0 |
       Dungeon |    143 |    143 |      0 |      0 |     76 |   1 |  143.0 |
               +--------+--------+--------+--------+--------+-----+--------+

Top non-repeatable levels by time:
     D:1: 143 daAuts

Table legend:
 A = Non-vault XP
 B = Vault XP
 C = Vault XP percentage of total XP
 D = Non-vault monster count
 E = Vault monster count
 F = Vault count percentage of total count
                 A         B        C        D         E       F
            +---------+---------+-------+---------+---------+-------
      Total |      20 |       0 |   0.0 |      10 |       0 |   0.0
            +---------+---------+-------+---------+---------+-------
        D:1 |      20 |       0 |   0.0 |      10 |       0 |   0.0
            +---------+---------+-------+---------+---------+-------
